 Dungeon Crawl Stone Soup version 0.28.0-43-g3370ac3207 (webtiles) character file.

Game seed: 12073014088606069331

596 Gabide the Magician (level 7, -2/50 HPs)
             Began as a Mummy Necromancer on Mar 23, 2022.
             Was a Plaything of Xom.
             Slain by an orc warrior
             ... wielding a +0 halberd
              (15 damage)
             ... on level 4 of the Dungeon.
             The game lasted 00:13:22 (5691 turns).

Gabide the Magician (Mummy Necromancer)             Turns: 5691, Time: 00:13:23

Health: -2/50      AC:  3    Str: 12    XL:     7   Next: 17%
Magic:  1/16       EV: 12    Int: 20    God:    Xom [....*.]
Gold:   148        SH:  0    Dex: 12    Spells: 10/18 levels left

rFire   . . .      SeeInvis .   l - +5 flail "Ifav" {speed, rF+ rC- Int+4}
rCold   . . .      Faith    .   (no shield)
rNeg    + + +      Spirit   .   a - +0 robe
rPois   ∞          Reflect  .   i - +0 helmet
rElec   .          Harm     .   (no cloak)
rCorr   .          Rampage  .   (no gloves)
Will    .....                   (no boots)
Stlth   ++........              (no amulet)
HPRegen 0.16/turn               (no ring)
MPRegen 0.15/turn               (no ring)

@: no status effects
A: cold resistance 1, negative energy resistance 3, torment resistance 2, heat
vulnerability 1, no potions
a: Renounce Religion


You were on level 4 of the Dungeon.
You worshipped Xom.
You were a beloved toy of Xom.
You visited 1 branch of the dungeon, and saw 4 of its levels.

You collected 148 gold pieces.

Inventory:

Hand Weapons
 k - a +1 vampiric hand axe
 l - the +5 flail "Ifav" (weapon) {speed, rF+ rC- Int+4}
   (You found it on level 4 of the Dungeon)

   Attacks with this weapon are significantly faster.
   Int:       It affects your intelligence (+4).
   rF:        It protects you from fire.
   rC:        It makes you vulnerable to cold.
Missiles
 b - an atropa-tipped dart
Armour
 a - a +0 robe (worn)
 i - a +0 helmet (worn)
Scrolls
 c - a scroll of noise
 d - a scroll of enchant weapon
 e - a scroll of amnesia
 f - 2 scrolls of silence
 g - a scroll of brand weapon {unknown}
 j - a scroll of identify


   Skills:
 * Level 2.0 Fighting
 + Level 0.4(0.8) Axes
 + Level 1.0(1.1) Maces & Flails
 * Level 2.4 Dodging
 + Level 1.7 Stealth
 * Level 6.3 Spellcasting
 * Level 6.0 Necromancy


You had 10 spell levels left.
You knew the following spells:

 Your Spells              Type           Power      Damage    Failure   Level
a - Pain                  Necr           100%       1d9       1%          1
b - Vampiric Draining     Necr           30%        2d8       2%          3
c - Animate Dead          Necr           15%        N/A       9%          4

Your spell library contained the following spells:

 Spells                   Type           Power      Damage    Failure   Level
 Animate Skeleton         Necr           60%        N/A       1%          1
 Scorch                   Fire           12%        2d5       16%         2
 Agony                    Necr           30%        N/A       22%         5
 Call Canine Familiar     Summ           6%         N/A       30%         3
 Flame Wave               Conj/Fire      6%         2d5       69%         4
 Freezing Cloud           Conj/Ice/Air   3%         6-21      95%         5
 Metabolic Englaciation   Hex/Ice        3%         N/A       95%         5
 Simulacrum               Ice/Necr       9%         N/A       99%         6
 Summon Cactus Giant      Summ           3%         N/A       100%        6
 Polar Vortex             Ice            3%         N/A       100%        9


Dungeon Overview and Level Annotations

Branches:
Dungeon (4/15)
 Temple: D:4-7

Altars:
Okawaru
Xom

Shops:
D:3 =


Innate Abilities, Weirdness & Mutations

You are immune to poison.
Your flesh is cold resistant. (rC+)
You are immune to negative energy. (rN+++)
You are immune to unholy pain and torment.
You are vulnerable to heat. (rF-)
You do not drink.


Message History

Your Fighting skill increases to level 2!
Your Necromancy skill increases to level 6!
The jackal writhes in agony!
You kill the jackal!
Casting: Pain (safe; 1% risk of failure)
Confirm with . or Enter, or press ? or * to list all spells.
Aiming: Vampiric Draining (dangerous; 2% risk of failure)
Press: ? - help, Shift-Dir - straight line, f - orc wizard
Aim: an orc wizard, wielding a +0 dagger and wearing a +0 robe You draw life force from the orc wizard!
You feel life coursing into your body.
The orc wizard hits you but does no damage.
You can't go up here!
Unknown command.
Unknown command.
Casting: Vampiric Draining (dangerous; 2% risk of failure)
Confirm with . or Enter, or press ? or * to list all spells.
Aiming: Vampiric Draining (dangerous; 2% risk of failure)
Press: ? - help, Shift-Dir - straight line, f/p - orc wizard
Aim: an orc wizard, wielding a +0 dagger and wearing a +0 robe (heavily wounded)
You draw life force from the orc wizard!
You kill the orc wizard!
Press: ? - help, v - describe, . - travel
Here: an orc warrior, wielding a +0 halberd and wearing a +0 plate armour The floor.
Unknown command.
The orc warrior barely misses you.
Items here: ) [ ††.
The orc shouts!
You hit the orc warrior but do no damage.
The orc warrior hits you with a +0 halberd!!
You hit the orc warrior but do no damage.
The orc warrior hits you with a +0 halberd.
You closely miss the orc warrior.
The orc warrior hits you with a +0 halberd!
* * * LOW HITPOINT WARNING * * *
A shower of butterflies erupts from you!
The orc warrior hits you from afar with a +0 halberd!
You die...
Xom snickers!

#.####### ###.####.#
##.
........###..#.....#
#..
#.....†...[.#.######
#..
#######.#####.######
#.. #.# #......# ##.
#.# ######.# #. #.#
#. #.# ...###. #@#
........ #)#
#...###. #.o......
.. ## #b.#.#.#. #b..
). #.?#. ... ##...o
.. .# .. ( .. ...


You could see an orc warrior (ally target).

Vanquished Creatures
  Grinder (D:4)
  A wyvern zombie (D:4)
  A hound (D:4)
  A centaur skeleton (D:4)
  An orc priest (D:3)
  3 orc wizards
  A hound skeleton (D:4)
  7 adders
  2 worms
  5 dart slugs
  13 orcs
  7 endoplasms
  3 giant cockroaches
  4 goblins
  4 hobgoblins
  6 jackals
  3 kobolds
  5 quokkas
  A ball python (D:1)
  5 bats
  3 frilled lizards (D:1)
  3 rats
80 creatures vanquished.

Notes
Turn   | Place    | Note
-------+----------+-------------------------------------------
     0 | D:1      | Gabide the Mummy Necromancer began the quest for the Orb.
     0 | D:1      | Reached XP level 1. HP: 13/13 MP: 4/4
   521 | D:1      | Reached XP level 2. HP: 20/20 MP: 1/5
   689 | D:1      | Found a faded altar of an unknown god.
  1148 | D:1      | Reached XP level 3. HP: 24/25 MP: 5/7
  1345 | D:1      | Prayed at the altar of an unknown god.
  1345 | D:1      | Became a worshipper of Xom the Psychopath
  1395 | D:2      | Learned a level 3 spell: Vampiric Draining
  1507 | D:2      | XOM: silly message
  1772 | D:2      | XOM: scenery: create altars
  2246 | D:2      | XOM: god gift: Xom's Grimoire of Incorporation {god gift}
  2247 | D:2      | Got Xom's Grimoire of Incorporation {god gift}
  2947 | D:2      | XOM: cloud trail
  3078 | D:3      | XOM: god gift: club {god gift}
  3156 | D:3      | XOM: cloud trail
  3225 | D:3      | Reached XP level 4. HP: 29/31 MP: 6/9
  3300 | D:3      | XOM: god gift: 3 atropa-tipped darts
  3358 | D:2      | XOM: god gift: scroll labelled MOIRAY CUPNUSA {god gift}
  3564 | D:3      | Found an iron altar of Okawaru.
  3598 | D:3      | Reached skill level 5 in Necromancy
  3737 | D:3      | Learned a level 4 spell: Animate Dead
  3745 | D:3      | XOM: 2-stop teleportation journey
  3923 | D:3      | Found Jyason's Jewellery Shop.
  4126 | D:3      | Reached XP level 5. HP: 36/36 MP: 7/12
  4326 | D:4      | XOM: smoke on damage
  4397 | D:4      | Reached skill level 1 in Fighting
  4397 | D:4      | Reached skill level 5 in Spellcasting
  4594 | D:4      | Noticed Grinder
  4617 | D:4      | Identified the +5 flail "Ifav" {speed, rF+ rC- Int+4}
  4703 | D:4      | Killed Grinder
  4704 | D:4      | Reached XP level 6. HP: 9/44 MP: 3/15
  4763 | D:4      | XOM: 1-stop teleportation journey
  4822 | D:3      | XOM: noise
  5187 | D:4      | Reached XP level 7. HP: 8/49 MP: 16/16
  5218 | D:4      | XOM: silly message
  5648 | D:4      | Reached skill level 1 in Maces & Flails
  5690 | D:4      | XOM: butterfly on damage
  5691 | D:4      | Slain by an orc warrior

Illustrated notes

Levels and vault maps discovered:
D:1:      dpeg_arrival_brainrot, layout_basic, ebering_ecumenical_altar_hall
D:2:      layout_loops_cross, grunt_ministairs_14
D:3:      layout_basic, okawaru_metal_pillars_1_2, serial_shops,
          nicolae_shop_behind_doors, kennysheep_generic_room_11
D:4:      layout_loops_ring, minmay_temple_entry_glass, minmay_diced_spiral,
          uniq_grinder

Skill      XL: |  1  2  3  4  5  6  7 |
---------------+----------------------+-----
Spellcasting   | 3 4 6 |  6.3
Necromancy     | 5 6 |  6.0
Dodging        | 2 |  2.4
Fighting       | 1 2 |  2.0
Maces & Flails | 1 |  1.0
Axes           | |  0.4
Stealth        | |  1.7

Action                   |  1- 3 |  4- 6 |  7- 9 || total
-------------------------+-------+-------+-------++-------
Melee: Unarmed           |    12 |     5 |       ||    17
       Flail             |       |    29 |     3 ||    32
       Hand axe          |       |     9 |       ||     9
       Punch             |       |     1 |       ||     1
Throw: Dart              |       |     3 |       ||     3
 Cast: Pain              |   112 |    47 |    18 ||   177
       Vampiric Draining |     2 |    12 |     2 ||    16
       Animate Dead      |       |     1 |       ||     1
  Use: Scroll            |     2 |     4 |       ||     6
Armor: Robe              |     4 |    20 |     1 ||    25
Dodge: Dodged            |    14 |    46 |     3 ||    63
